 Dungeon Crawl Stone Soup version 0.27.1-1-g398f81649c (webtiles) character file.

Game seed: 9157647156038124520

46 Elvor the Charlatan (level 3, 0/20 HPs)
             Began as a Gargoyle Artificer on Sept 8, 2021.
             Slain by a worm (9 damage)
             ... on level 2 of the Dungeon.
             The game lasted 00:07:44 (871 turns).

Elvor the Charlatan (Gargoyle Artificer)             Turns: 871, Time: 00:07:44

Health: 0/20       AC:  6    Str: 16    XL:     3   Next: 66%
Magic:  3/3        EV: 11    Int: 11    God:
Gold:   26         SH:  0    Dex: 10    Spells: 2/2 levels left

rFire    . . .     SeeInvis .   a - +0 club
rCold    . . .     Faith    .   (no shield)
rNeg     + . .     Spirit   .   b - +0 leather armour
rPois    ∞         Reflect  .   (no helmet)
rElec    +         Harm     .   (no cloak)
rCorr    .         Rampage  .   (no gloves)
Will     .....                  (no boots)
Stlth    +.........             (no amulet)
HPRegen  0.06/turn              j - +4 ring of slaying
MPRegen  0.08/turn              (no ring)

@: no status effects
A: sickness immunity, AC +3, negative energy resistance 1, electricity
resistance, torment resistance 1, petrification resistance
a: no special abilities


You were on level 2 of the Dungeon.
You visited 1 branch of the dungeon, and saw 2 of its levels.

You collected 26 gold pieces.

Inventory:

Hand Weapons
 a - a +0 club (weapon)
Missiles
 g - 70 stones
 k - 19 sling bullets
Armour
 b - a +0 leather armour (worn)
Jewellery
 j - a +4 ring of slaying (left hand)
Wands
 c - a wand of flame (6) (quivered)
 d - a wand of charming (14)
Scrolls
 f - a scroll of magic mapping {unknown}
 h - a scroll of blinking {unknown}
 l - a scroll of enchant armour {unknown}
Potions
 i - a potion of magic {unknown}
Miscellaneous
 e - a piece from Xom's chessboard (11/15)


   Skills:
 + Level 1.2 Fighting
 + Level 1.3 Maces & Flails
 + Level 2.4 Armour
 + Level 1.1 Dodging
 - Level 1.1 Stealth
 + Level 3.4 Evocations


You had 2 spell levels left.
You didn't know any spells.
Your spell library was empty.

Dungeon Overview and Level Annotations

Branches:
Dungeon (2/15)

Altars:
Wu Jian


Innate Abilities, Weirdness & Mutations

You are immune to sickness and miasma.
Your stone body is resilient. (AC +3)
You are immune to poison.
You resist negative energy. (rN+)
You are resistant to electric shocks. (rElec)
You are resistant to unholy torment.
You are immune to petrification.


Message History

You hit the endoplasm.
You kill the endoplasm!
There is an ornate altar of the Wu Jian Council here.
Found a stone staircase leading down.
There is a stone staircase leading down here.
You open the door. 2 worms and a giant cockroach come into view.
You make a move on Xom's chessboard...
The worm struggles to resist.
You hit the giant cockroach.
The giant cockroach is severely wounded.
The giant cockroach barely misses you.
You barely miss the giant cockroach.
The giant cockroach is severely wounded.
The giant cockroach bites you but does no damage.
The giant cockroach barely misses you.
You hit the giant cockroach.
You kill the giant cockroach!
You make a move on Xom's chessboard...
The worm seems to speed up.
You make a move on Xom's chessboard...
The worm struggles to resist.
You make a move on Xom's chessboard...
The worm seems to slow down.
Aiming: Throw Flame
Press: ? - help, Q - select action, (/) - cycle Shift-Dir - straight line, f - worm
Aim: a worm (slow, 90% to hit)
The puff of flame hits the worm.
The worm is moderately wounded.
You hit the worm.
The worm is moderately wounded.
You completely miss the worm.
The worm is moderately wounded.
The worm closely misses you.
You hit the worm.
The worm is heavily wounded.
You sock the worm!
The worm is almost dead.
The worm bites you.
You hit the worm.
You kill the worm!
You completely miss the worm. The worm bites you but does no damage.
You barely miss the worm. The worm bites you!
You die...

##################
#>................
#.####.#######.###
#.# #.# #.# #.#
#.# #.### #.# #..
#.#.. #.# ###
#.... #@#
##.####... #w#
.........# ...
..####†.# ....#
####... .....+
+...... ......#
####... .......#
#⌠.⌠.. #.......#
#..... #.._..


You could see a worm (fast).

Vanquished Creatures
  An adder (D:2)
  A worm (D:2)
  3 endoplasms
  5 giant cockroaches
  3 goblins (D:1)
  A hobgoblin (D:2)
  A jackal (D:1)
  3 quokkas
  3 ball pythons
  4 bats (D:1)
  A frilled lizard (D:1)
  3 kobolds
  2 rats (D:1)
31 creatures vanquished.

Vanquished Creatures (others)
  A jackal (D:1)
1 creature vanquished.

Grand Total: 32 creatures vanquished

Notes
Turn   | Place    | Note
-------+----------+-------------------------------------------
     0 | D:1      | Elvor the Gargoyle Artificer began the quest for the Orb.
     0 | D:1      | Reached XP level 1. HP: 12/12 MP: 1/1
   171 | D:1      | Reached skill level 3 in Evocations
   178 | D:1      | Reached XP level 2. HP: 8/16 MP: 2/2
   601 | D:1      | Reached skill level 1 in Maces & Flails
   601 | D:1      | Reached XP level 3. HP: 20/20 MP: 3/3
   777 | D:2      | Reached skill level 1 in Dodging
   779 | D:2      | Found an ornate altar of the Wu Jian Council.
   784 | D:2      | Found a faded altar of an unknown god.
   871 | D:2      | Slain by a worm

Illustrated notes

Levels and vault maps discovered:
D:1:      dpeg_arrival_lava_temple_mockup, layout_loops_ring, minmay_vboxes
D:2:      layout_basic, basic_altar, hellmonk_ecumenical_altar_run_dry

Skill      XL: |  1  2  3 |
---------------+----------+-----
Evocations     | 3 |  3.4
Maces & Flails | 1 |  1.3
Dodging        | 1 |  1.1
Fighting       | |  1.2
Armour         | |  2.4
Stealth        | |  1.1

Action                   || total
-------------------------++-------
Melee: Club              ||    86
Evoke: Wand              ||    10
       Piece from Xom's  ||     4
 Stab: Sleeping          ||     2
Armor: Leather armour    ||    36
Dodge: Dodged            ||    52
